[Event "Titled Tuesday Blitz February 07 Early 2023"]
[White "Perez Rodriguez, Jennifer"]
[Black "Reprintsev, Alexander"]
[WhiteFideId "3507831"]
[BlackFideId "14100541"]
[WhiteElo "2242"]
[BlackElo "2253"]
[Result "0-1"]
[Round "05"]
[TimeControl "180+2"]
[Date "2023.02.07"]
[WhiteClock "0:00:19"]
[BlackClock "0:00:34"]

1. e4 d5 2. exd5 Qxd5 3. d4 Nc6 4. Nf3 Bg4 5. Be2 O-O-O 6. Be3 e5 7. c4 Qa5+ 8. Bd2 Qa6 9. d5 Bxf3 10. Bxf3 Nd4 11. b3 Qg6 12. O-O Qd3 13. Be3 Qxd1 14. Bxd1 Nf6 15. Nc3 a6 16. Ne2 Bc5 17. Nxd4 exd4 18. Bg5 Rde8 19. Bf3 Ne4 20. Bf4 f5 21. Rad1 h6 22. Bc1 Nc3 23. Rd2 g5 24. g3 g4 25. Bg2 Ne2+ 26. Kh1 Nxc1 27. Rxc1 Re5 28. Bf1 Rhe8 29. Bd3 Bb4 30. Rdd1 Bc3 31. Kg2 c5 32. dxc6 bxc6 33. h3 h5 34. hxg4 fxg4 35. Rh1 R8e6 36. Rcd1 Kc7 37. Bh7 Kd6 38. Bg8 Rf6 39. Bh7 Kc5 40. Bd3 Kb4 41. Rhf1 Ka3 42. f3 gxf3+ 43. Rxf3 Rxf3 44. Kxf3 Re3+ 45. Kg2 Kxa2 46. Bg6 Kxb3 47. Bxh5 Kxc4 48. Bf7+ Kc5 49. Bg6 a5 0-1


[Site "https://www.chess.com"]

[Event "Titled Tuesday Blitz February 07 Early 2023"]
[White "Golubev, Mikhail"]
[Black "OKEKE, Isaac Chukwudalu"]
[WhiteFideId "14100983"]
[BlackFideId "8508526"]
[WhiteElo "2461"]
[BlackElo "2155"]
[Result "1-0"]
[Round "05"]
[TimeControl "180+2"]
[Date "2023.02.07"]
[WhiteClock "0:01:52"]
[BlackClock "0:00:16"]

1. e4 c5 2. Nf3 d6 3. d4 cxd4 4. Nxd4 Nf6 5. Nc3 a6 6. Bc4 e6 7. O-O Be7 8. Bb3 O-O 9. f4 Qc7 10. f5 e5 11. Nde2 Qc5+ 12. Kh1 h6 13. Ng3 b5 14. Nd5 Nxd5 15. Bxd5 Ra7 16. f6 Bxf6 17. Rxf6 gxf6 18. Qh5 Be6 19. Bxh6 Nd7 20. Bxe6 1-0


[Site "https://www.chess.com"]

[Event "Titled Tuesday Blitz February 07 Early 2023"]
[White "Belov, Alexei"]
[Black "Rudzinska, Michalina"]
[WhiteFideId "4128206"]
[BlackFideId "1172883"]
[WhiteElo "2421"]
[BlackElo "2244"]
[Result "1-0"]
[Round "05"]
[TimeControl "180+2"]
[Date "2023.02.07"]
[WhiteClock "0:00:43"]
[BlackClock "0:01:16"]

1. e4 c6 2. d4 d5 3. Nd2 dxe4 4. Nxe4 Nf6 5. Nxf6+ exf6 6. c3 Bd6 7. Bd3 O-O 8. Ne2 Re8 9. Qc2 h6 10. Be3 Nd7 11. O-O-O b5 12. d5 c5 13. Bxb5 a6 14. Bc6 Rb8 15. Ng3 Rxe3 16. fxe3 Ne5 17. Ba4 Nc4 18. Bb3 Nxe3 19. Qe4 Nxd1 20. Rxd1 Bxg3 21. hxg3 Qd6 22. Qe8+ Kh7 23. Bc2+ f5 24. Qxf7 Qxg3 25. d6 Qe3+ 26. Kb1 Be6 27. Bxf5+ Bxf5+ 28. Qxf5+ Kh8 29. d7 Qe7 30. a4 c4 31. a5 Qd8 32. Qd5 Qc7 33. d8=Q+ 1-0


[Site "https://www.chess.com"]

[Event "Titled Tuesday Blitz February 07 Early 2023"]
[White "Decuigniere, Tom"]
[Black "Jenkins, Drake"]
[WhiteFideId "26093820"]
[BlackFideId "2022397"]
[WhiteElo "2382"]
[BlackElo "2130"]
[Result "1-0"]
[Round "05"]
[TimeControl "180+2"]
[Date "2023.02.07"]
[WhiteClock "0:00:24"]
[BlackClock "0:00:04"]

1. c4 Nf6 2. Nc3 c5 3. g3 Nc6 4. Bg2 g6 5. d3 Bg7 6. Bf4 a6 7. Qd2 O-O 8. Bh6 Rb8 9. h4 b5 10. h5 bxc4 11. hxg6 fxg6 12. Bxg7 Kxg7 13. dxc4 Bb7 14. Nd5 Ng8 15. Qc3+ e5 16. Nf3 d6 17. e3 Nb4 18. Nxe5 Nxd5 19. cxd5 dxe5 20. Qxc5 Nf6 21. O-O Rf7 22. Rad1 Rd7 23. e4 Qc7 24. Qe3 a5 25. Rc1 Qd6 26. f4 Ba6 27. Rc6 Qb4 28. Rxa6 Qxb2 29. fxe5 Ng4 30. Qc5 Rb5 31. Qf8# 1-0


[Site "https://www.chess.com"]

[Event "Titled Tuesday Blitz February 07 Early 2023"]
[White "Marchesich, Giovanni"]
[Black "Kumala, Aleksander"]
[WhiteFideId "2824790"]
[BlackFideId "1141880"]
[WhiteElo "2217"]
[BlackElo "2165"]
[Result "0-1"]
[Round "05"]
[TimeControl "180+2"]
[Date "2023.02.07"]
[WhiteClock "0:00:02"]
[BlackClock "0:00:07"]

1. e4 e5 2. Nf3 Nf6 3. Nc3 Nc6 4. a3 a6 5. d4 exd4 6. Nxd4 Nxe4 7. Nxe4 Qe7 8. Qd3 d5 9. Nxc6 bxc6 10. f3 dxe4 11. Qxe4 Qxe4+ 12. fxe4 Bc5 13. Bc4 Bg4 14. h3 Bh5 15. Bf4 Bb6 16. g4 Bg6 17. O-O-O a5 18. h4 h5 19. g5 Ke7 20. Rhe1 Rhd8 21. Be5 Kf8 22. c3 Rxd1+ 23. Kxd1 Rd8+ 24. Kc1 Bf2 25. Re2 Bxh4 26. Bxc7 Bxg5+ 27. Kc2 Ra8 28. a4 h4 29. Bd6+ Kg8 30. Bd3 f6 31. e5 Bxd3+ 32. Kxd3 Rd8 33. Kc4 Bf4 34. Kc5 h3 35. Kxc6 h2 36. Re1 fxe5 37. Kc7 Re8 38. c4 g5 39. c5 g4 40. Kd7 Kf7 41. c6 g3 42. c7 g2 43. Bxe5 Bxe5 44. Rxe5 Rxe5 45. c8=Q Re7+ 46. Kd6 g1=Q 47. Qf5+ Kg7 48. Kxe7 Qe3+ 49. Kd7 h1=Q 50. Qg4+ Kf6 0-1


[Site "https://www.chess.com"]

[Event "Titled Tuesday Blitz February 07 Early 2023"]
[White "Ezat, Mohamed"]
[Black "Afanasieva, Alexandra"]
[WhiteFideId "10600906"]
[BlackFideId "34126926"]
[WhiteElo "2402"]
[BlackElo "1857"]
[Result "1-0"]
[Round "05"]
[TimeControl "180+2"]
[Date "2023.02.07"]
[WhiteClock "0:00:03"]
[BlackClock "0:00:03"]

1. d4 Nf6 2. c4 e6 3. Nc3 Bb4 4. e3 O-O 5. a3 Bxc3+ 6. bxc3 d5 7. cxd5 exd5 8. Bd3 Bg4 9. f3 Bh5 10. Ne2 Nbd7 11. O-O Re8 12. Nf4 Bg6 13. Ra2 c5 14. Re2 c4 15. Bc2 Bxc2 16. Qxc2 Qe7 17. Rfe1 g5 18. Nh3 g4 19. Nf4 Kh8 20. e4 gxf3 21. gxf3 Rg8+ 22. Kh1 dxe4 23. fxe4 Ng4 24. Ng2 Qf6 25. Bf4 Qg6 26. e5 Rae8 27. Qxg6 Rxg6 28. Ne3 Nxe3 29. Rxe3 Nb6 30. Rf3 Nd5 31. Bd2 f6 32. e6 Kg7 33. Rf5 Ne7 34. Rc5 Rg8 35. d5 Nf5 36. Rc7+ Kh8 37. Bf4 Nh4 38. e7 Nf3 39. e8=Q Nxe1 40. Qxe1 Rg4 41. Bg3 Re4 42. Qf1 f5 43. Qxf5 Re1+ 44. Bxe1 1-0


[Site "https://www.chess.com"]

[Event "Titled Tuesday Blitz February 07 Early 2023"]
[White "Brilej, Jaka"]
[Black "Bruned, Boris"]
[WhiteFideId "14618818"]
[BlackFideId "621790"]
[WhiteElo "2321"]
[BlackElo "2133"]
[Result "1-0"]
[Round "05"]
[TimeControl "180+2"]
[Date "2023.02.07"]
[WhiteClock "0:01:02"]
[BlackClock "0:00:19"]

1. e4 b6 2. d4 Bb7 3. Bd3 e6 4. Nf3 d5 5. Qe2 dxe4 6. Bxe4 Bxe4 7. Qxe4 Qd5 8. Qxd5 exd5 9. Nc3 c5 10. Nxd5 Na6 11. dxc5 Bxc5 12. O-O f6 13. c3 Kf7 14. b4 Bd6 15. a3 Rc8 16. Bb2 Ne7 17. Rad1 Rhd8 18. Nxe7 Bxe7 19. Rxd8 Rxd8 20. c4 Nc7 21. Rc1 Ne6 22. Kf1 a5 23. Bc3 axb4 24. axb4 Nf4 25. g3 Nd3 26. Rb1 Rc8 27. Ke2 Ne5 28. Bxe5 fxe5 29. Nxe5+ Ke6 30. f4 Bf6 31. Kd3 Bxe5 32. Re1 Rd8+ 33. Kc2 Rc8 34. Rxe5+ Kf6 35. Kd3 h6 36. Rd5 g6 37. Rd6+ Kf5 38. Rxb6 Rg8 39. c5 Kg4 40. c6 h5 41. c7 Rc8 42. Rc6 Kh3 43. b5 Kxh2 44. b6 Kxg3 45. b7 1-0


[Site "https://www.chess.com"]

[Event "Titled Tuesday Blitz February 07 Early 2023"]
[White "Kleiman, Jake"]
[Black "Bobomurodova, Maftuna"]
[WhiteFideId "2020041"]
[BlackFideId "14207400"]
[WhiteElo "2399"]
[BlackElo "1946"]
[Result "1-0"]
[Round "05"]
[TimeControl "180+2"]
[Date "2023.02.07"]
[WhiteClock "0:00:17"]
[BlackClock "0:00:11"]

1. d4 Nf6 2. Bg5 d5 3. e3 Nbd7 4. Bd3 e6 5. Nf3 c5 6. c3 h6 7. Bh4 Bd6 8. Nbd2 b6 9. e4 dxe4 10. Nxe4 Be7 11. dxc5 Nxc5 12. Bb5+ Bd7 13. Bxd7+ Qxd7 14. Nxf6+ Bxf6 15. Bxf6 gxf6 16. Qxd7+ Kxd7 17. O-O-O+ Ke7 18. Rhe1 Rad8 19. Nd4 Kf8 20. b4 Nb7 21. Nc6 Rc8 22. Nxa7 Rxc3+ 23. Kb2 Rc4 24. Rd7 Rxb4+ 25. Kc3 Ra4 26. Rxb7 Rxa2 27. Rd1 Kg7 28. Rd2 Ra4 29. Rdd7 Rf8 30. Kb3 Rf4 31. f3 Rf5 32. Nc6 Rb5+ 33. Nb4 Kg6 34. Kc4 Rc5+ 35. Kd3 Rfc8 36. Rxf7 Rc3+ 37. Ke2 Rb3 38. Nd3 Rc2+ 39. Ke3 Rcc3 40. Rg7+ Kh5 41. Rbd7 Rc2 42. g4+ Kh4 43. Rg6 Kh3 44. Rxh6+ Kg2 45. Rxf6 Kxh2 46. Rxe6 Rg2 47. Rh6+ Kg1 48. Rdh7 Rc2 49. Rh1+ Kg2 50. R7h2+ 1-0


[Site "https://www.chess.com"]

[Event "Titled Tuesday Blitz February 07 Early 2023"]
[White "Borrmann, Laurenz"]
[Black "Khokhlova, Daria"]
[WhiteFideId "312187930"]
[BlackFideId "24182729"]
[WhiteElo "2304"]
[BlackElo "2111"]
[Result "1-0"]
[Round "05"]
[TimeControl "180+2"]
[Date "2023.02.07"]
[WhiteClock "0:00:03"]
[BlackClock "0:00:01"]

1. Nf3 c5 2. e4 d6 3. d4 cxd4 4. Nxd4 Nf6 5. Nc3 a6 6. Bg5 e6 7. h4 Be7 8. Qd2 O-O 9. f3 Qc7 10. h5 b5 11. a3 Nbd7 12. O-O-O Nb6 13. h6 g6 14. Nb3 Re8 15. Qf4 e5 16. Qh4 Nh5 17. g3 Be6 18. Be2 Qd8 19. f4 Bxg5 20. fxg5 Bxb3 21. cxb3 Qe7 22. Bxh5 gxh5 23. Qxh5 Qe6 24. Kc2 Rac8 25. Rdf1 Qg6 26. Qxg6+ fxg6 27. Rf6 Rcd8 28. Rd1 Nc8 29. Nd5 Rf8 30. Rdf1 Rxf6 31. Rxf6 Rd7 32. Kc3 Ne7 33. Nxe7+ Rxe7 34. Rxd6 Rc7+ 35. Kd3 Ra7 36. Re6 Rd7+ 37. Ke2 Kf7 38. Rxe5 Rc7 39. Rd5 Rc2+ 40. Rd2 Rc5 41. Ke3 Rxg5 42. Kf4 Rc5 43. Rd7+ Kf6 44. Rxh7 g5+ 45. Kg4 Kg6 46. Ra7 Kxh6 47. Rxa6+ Kg7 48. Rb6 Re5 49. b4 Rxe4+ 50. Kxg5 Re5+ 51. Kf4 Rd5 52. Ke4 Rg5 53. Kd4 Kf7 54. b3 Ke7 55. a4 Rxg3 56. Rxb5 Rxb3 57. Kc4 Rb1 58. a5 Kd7 59. Rc5 Rc1+ 60. Kb5 Ra1 61. Rc3 Ra2 62. Kb6 Ra1 63. b5 1-0


[Site "https://www.chess.com"]

[Event "Titled Tuesday Blitz February 07 Early 2023"]
[White "Ingebretsen, Jens E"]
[Black "Dilmukhametov, Artur"]
[WhiteFideId "1522965"]
[BlackFideId "24179922"]
[WhiteElo "2342"]
[BlackElo "2276"]
[Result "1-0"]
[Round "05"]
[TimeControl "180+2"]
[Date "2023.02.07"]
[WhiteClock "0:00:21"]
[BlackClock "0:00:03"]

1. d4 d5 2. Nf3 c5 3. dxc5 Nc6 4. e3 Bg4 5. c4 dxc4 6. Qa4 e6 7. Qxc4 Bxf3 8. gxf3 Qa5+ 9. Nc3 Qxc5 10. Bd2 Nf6 11. Rc1 Rd8 12. Qxc5 Bxc5 13. Bb5 O-O 14. Ke2 Ne7 15. Rhg1 Bd6 16. Bd3 Ned5 17. Ne4 Nxe4 18. fxe4 Nf6 19. f4 e5 20. Bc3 Rfe8 21. Rg5 h6 22. Rf5 exf4 23. Bxf6 gxf6 24. exf4 Be7 25. Rc7 Rb8 26. Bb5 Bd6 27. Rc4 Re7 28. Kf3 Kg7 29. Rd4 Bc7 30. Rd2 Re6 31. Bc4 Rc6 32. Bd5 Rb6 33. b3 Rd8 34. a4 Bd6 35. Rg2+ Kf8 36. Rxf6 Rd7 37. Rxh6 Bc5 38. Rh8+ Ke7 39. Rg7 Kd6 40. Rxf7 Rxf7 41. Bxf7 Ke7 42. Bc4 Rg6 43. Rh7+ Kd8 44. f5 Rg1 45. e5 Re1 46. e6 Be7 47. h4 Bf6 48. h5 Re5 49. Kf4 Re1 50. Rf7 Bh4 51. Kg4 Be7 52. h6 Rg1+ 53. Kf3 Rh1 54. h7 Rh3+ 55. Kg4 Rh4+ 56. Kg3 Rh6 57. Kf2 Bc5+ 58. Ke2 Be7 59. Kd3 a6 60. Bd5 Rh4 61. Bxb7 a5 62. Bd5 Rh3+ 63. Kc4 Rh4+ 64. Kb5 Rd4 65. Kc6 Rd3 66. h8=Q+ 1-0


[Site "https://www.chess.com"]

[Event "Titled Tuesday Blitz February 07 Early 2023"]
[White "ritanovikova"]
[Black "Osmak, Yuliia"]
[BlackFideId "14101602"]
[WhiteElo "2202"]
[BlackElo "2440"]
[Result "0-1"]
[Round "05"]
[TimeControl "180+2"]
[Date "2023.02.07"]
[WhiteClock "0:00:03"]
[BlackClock "0:00:57"]

1. d4 Nf6 2. Bf4 c6 3. e3 Qb6 4. Qc1 d6 5. Nd2 g6 6. Ngf3 Bg7 7. Be2 Nh5 8. Bg5 h6 9. Bh4 g5 10. Ng1 Nf4 11. exf4 gxh4 12. c3 Be6 13. h3 Nd7 14. Ngf3 Bf6 15. Ne4 O-O-O 16. Nxf6 Nxf6 17. Nxh4 Bd5 18. Bf3 e5 19. Qd2 exd4 20. Qxd4 Rhe8+ 21. Kf1 Qxb2 22. Rd1 Ne4 23. Bxe4 Rxe4 24. Qd2 Qxd2 25. Rxd2 Rxf4 26. Rd4 Rxd4 27. cxd4 Bxa2 28. Ke2 Bc4+ 29. Kd2 Re8 30. Kc3 b5 31. Nf5 Kc7 32. Ra1 Ra8 33. Nxh6 a5 34. Ng4 d5 35. Ne5 b4+ 36. Kb2 a4 37. Nxf7 a3+ 38. Kc2 b3+ 39. Kc3 b2 0-1


[Site "https://www.chess.com"]

[Event "Titled Tuesday Blitz February 07 Early 2023"]
[White "Serpi, Andrea"]
[Black "Berezin, Viktor"]
[WhiteFideId "2847499"]
[BlackFideId "14107872"]
[WhiteElo "2191"]
[BlackElo "2307"]
[Result "0-1"]
[Round "05"]
[TimeControl "180+2"]
[Date "2023.02.07"]
[WhiteClock "0:00:03"]
[BlackClock "0:00:12"]

1. e4 g6 2. d4 Bg7 3. Nc3 d6 4. Be3 Nf6 5. h3 O-O 6. f4 e5 7. dxe5 dxe5 8. Qxd8 Rxd8 9. fxe5 Nfd7 10. O-O-O Nc6 11. Nf3 Ndxe5 12. Rxd8+ Nxd8 13. Nd5 Ne6 14. Ne7+ Kf8 15. Nxc8 Rxc8 16. Be2 Nxf3 17. gxf3 Be5 18. Rd1 Ke7 19. Rd5 f6 20. Kd2 c6 21. Rd3 Bf4 22. Bf1 g5 23. a4 h5 24. Ke2 Bxe3 25. Kxe3 Nf4 26. Rb3 Rc7 27. a5 Rd7 28. Bc4 Nxh3 29. Bf1 Nf4 30. c4 h4 31. c5 h3 32. a6 bxa6 33. Rb8 Rd1 34. Rb7+ Kf8 35. Rb8+ Kg7 36. Bc4 Rd7 37. e5 fxe5 38. Rg8+ Kh6 39. Bb3 Rd3+ 40. Kf2 Rxb3 41. Rh8+ Kg7 42. Kg3 Kxh8 0-1


[Site "https://www.chess.com"]

[Event "Titled Tuesday Blitz February 07 Early 2023"]
[White "Defend, Balint"]
[Black "Bongo Akanga Ndjila, Barthelemy"]
[WhiteFideId "17004853"]
[BlackFideId "10609431"]
[WhiteElo "1673"]
[BlackElo "1824"]
[Result "1-0"]
[Round "05"]
[TimeControl "180+2"]
[Date "2023.02.07"]
[WhiteClock "0:01:51"]
[BlackClock "0:00:22"]

1. e4 e6 2. d4 d5 3. Nc3 Nf6 4. e5 Nfd7 5. f4 c5 6. Nf3 Nc6 7. Ne2 a6 8. c3 b5 9. a3 Bb7 10. g3 b4 11. axb4 cxb4 12. Bg2 Be7 13. O-O Qb6 14. Be3 a5 15. g4 Ba6 16. f5 Ndxe5 17. Nxe5 Nxe5 18. fxe6 O-O 19. Bxd5 Rad8 20. exf7+ Kh8 21. Bg2 Nxg4 22. Qd2 Nxe3 23. Qxe3 bxc3 24. bxc3 Bf6 25. Rfb1 Qc7 26. Ng3 Rxf7 27. Rc1 Re7 28. Be4 Rde8 29. Qf3 Bg5 30. Rd1 Bb7 31. Bxb7 Qxb7 32. Qxb7 Rxb7 33. Rxa5 Rb2 34. Rxg5 1-0


[Site "https://www.chess.com"]

[Event "Titled Tuesday Blitz February 07 Early 2023"]
[White "Avazkhonov, Alikhon"]
[Black "Larina, Maria"]
[WhiteFideId "14208504"]
[BlackFideId "24113182"]
[WhiteElo "1538"]
[BlackElo "1948"]
[Result "0-1"]
[Round "05"]
[TimeControl "180+2"]
[Date "2023.02.07"]
[WhiteClock "0:00:06"]
[BlackClock "0:00:05"]

1. d4 f5 2. g3 Nf6 3. Bg2 g6 4. Nf3 Bg7 5. O-O d6 6. c4 Nc6 7. Nc3 O-O 8. d5 Na5 9. Nd2 c5 10. Rb1 e5 11. dxe6 Bxe6 12. b3 d5 13. cxd5 Nxd5 14. Nxd5 Bxd5 15. e4 fxe4 16. Nxe4 Bd4 17. Bh6 Re8 18. Nf6+ Qxf6 19. Bxd5+ Kh8 20. Qd2 Re5 21. Bg2 Nc6 22. Bf4 Re6 23. Rbe1 Rae8 24. Bd5 R6e7 25. Rxe7 Qxe7 26. b4 Nxb4 27. Bf3 b6 28. a3 Na6 29. Qd3 Nc7 30. Qc4 Ne6 31. Bd2 Qf7 32. Bd5 Qf6 33. Kg2 Ng5 34. f4 Ne6 35. Re1 Ng7 36. Rxe8+ Nxe8 37. Bf7 Nd6 38. Qd5 Nxf7 39. Qa8+ Kg7 40. h4 Qe7 41. Qf3 Qe6 42. h5 Nd6 43. h6+ Kg8 44. f5 Nxf5 45. Qa8+ Kf7 46. Qb7+ Qe7 47. Qd5+ Kf8 48. Qa8+ Qe8 49. Qb7 Bh8 50. Qxh7 Bf6 51. Qc7 Qd8 52. Qf4 Qd5+ 53. Qf3 Qxf3+ 54. Kxf3 Nxh6 55. Bxh6+ Kf7 56. Bf4 Ke6 57. Ke4 Bb2 58. g4 Bxa3 59. Bb8 a5 60. Ba7 b5 61. Bb6 a4 62. g5 c4 63. Ba5 Bb2 64. Bb4 a3 65. Ke3 a2 66. Ke2 a1=Q 67. Ke3 Qd1 68. Kf2 c3 69. Ke3 c2 0-1


[Site "https://www.chess.com"]

[Event "Titled Tuesday Blitz February 07 Early 2023"]
[White "Przybylski, Wojciech"]
[Black "Cherniaiev, Tykhon"]
[WhiteFideId "1117599"]
[BlackFideId "14182360"]
[WhiteElo "2321"]
[BlackElo "2330"]
[Result "1-0"]
[Round "05"]
[TimeControl "180+2"]
[Date "2023.02.07"]
[WhiteClock "0:00:06"]
[BlackClock "0:00:03"]

1. e4 e5 2. Nf3 Nc6 3. d4 exd4 4. Nxd4 Nf6 5. Nxc6 bxc6 6. e5 Nd5 7. c4 Nb6 8. Bd3 d6 9. exd6 cxd6 10. O-O Be6 11. Re1 Be7 12. Qc2 g6 13. Bh6 Bf6 14. Nd2 Qe7 15. Ne4 Be5 16. f4 Bd4+ 17. Kh1 O-O-O 18. Bg5 f6 19. Bh4 Kb8 20. a4 Ka8 21. a5 Nd7 22. Rad1 Rb8 23. f5 gxf5 24. Nc3 Ne5 25. Bxf5 Bxf5 26. Qxf5 Bxc3 27. bxc3 Rhf8 28. a6 Rb2 29. Qe4 Rg8 30. Bg3 Qd7 31. c5 d5 32. Qa4 Nf3 33. gxf3 Rxg3 34. Qf4 Rgg2 35. Rg1 Rxg1+ 36. Rxg1 Rb8 37. Qd6 Qe8 38. Qc7 Qc8 39. Qxc8 Rxc8 40. Rg7 h5 41. Kg2 Re8 42. Kf2 Kb8 43. Rb7+ Ka8 44. Rc7 Kb8 45. Rxc6 f5 46. Rd6 Re5 47. Rd7 f4 48. Rb7+ Ka8 49. Rf7 Kb8 50. Rxf4 Re6 51. Rb4+ Kc7 52. Rb7+ Kc6 53. Rxa7 Kxc5 54. Ra8 Kb6 55. a7 Kb7 56. Rd8 Kxa7 57. Rxd5 Rc6 58. Rxh5 Rxc3 59. Kg3 Kb6 60. Rd5 Kc6 61. Rd8 Ra3 62. h4 Kc7 63. Rd1 Ra5 64. Kg4 Ra8 65. h5 Rg8+ 66. Kh4 Rf8 67. Rd3 Kc6 68. h6 Rg8 69. Kh5 Rg1 70. h7 Kc7 71. f4 Kc8 72. f5 Kc7 73. f6 Rf1 74. Kg6 Rg1+ 75. Kh6 Rh1+ 76. Kg7 Rg1+ 77. Kf8 Rh1 78. Kg8 Rg1+ 79. Kh8 Rf1 80. Kg7 Rg1+ 81. Kf7 Rh1 82. Rg3 Rxh7+ 83. Kg8 Rd7 84. f7 Kd6 85. f8=Q+ Ke6 86. Qe8+ Kd6 87. Rd3+ Kc5 88. Qxd7 Kb6 89. Qd6+ Ka7 90. Ra3+ Kb7 91. Rb3+ Ka8 92. Qa3# 1-0


[Site "https://www.chess.com"]

[Event "Titled Tuesday Blitz February 07 Early 2023"]
[White "Bilan, Danila"]
[Black "Papasimakopoulos, Alexandros"]
[WhiteFideId "24161918"]
[BlackFideId "4244125"]
[WhiteElo "2303"]
[BlackElo "2401"]
[Result "0-1"]
[Round "05"]
[TimeControl "180+2"]
[Date "2023.02.07"]
[WhiteClock "0:00:17"]
[BlackClock "0:00:06"]

1. d4 e6 2. Nf3 Nf6 3. g3 b5 4. Bg2 Bb7 5. O-O h6 6. a4 b4 7. c4 bxc3 8. bxc3 c5 9. Ba3 Na6 10. Nbd2 Be7 11. Rb1 Bc6 12. Ne5 Bxg2 13. Kxg2 O-O 14. e3 Qc7 15. Qe2 Qa5 16. Qb5 Qxc3 17. Qxa6 Qxa3 18. Rb3 Qa2 19. Nec4 cxd4 20. Rb2 Qxb2 21. Nxb2 dxe3 22. fxe3 d5 23. Nd3 Rfc8 24. Rc1 Rcb8 25. Kf3 Rb6 26. Rc8+ Rxc8 27. Qxc8+ Bf8 28. Ne5 Rb2 29. Qc3 Ra2 30. a5 g5 31. Nb3 Rf2+ 32. Kxf2 Ne4+ 33. Kf3 Nxc3 34. Nc6 a6 35. Nb8 Nb5 36. Nxa6 f5 37. Nb8 Na7 38. a6 Kf7 39. Na5 Bc5 40. Nac6 Nc8 41. Nd7 Bd6 42. a7 Nxa7 43. Nxa7 Ke7 44. Nb6 Bc5 45. Nac8+ Kd8 46. g4 Kc7 47. gxf5 exf5 48. Nxd5+ Kxc8 49. e4 f4 50. Nf6 Kd8 51. h4 Ke7 52. hxg5 hxg5 53. Ng4 Ke6 54. Nh2 Be7 55. Ng4 Kf7 56. Nh6+ Kg6 57. Ng4 Bf8 58. Ne5+ Kf6 59. Ng4+ Kf7 60. Ne5+ Ke6 61. Ng4 Bg7 62. Nf2 Kd6 63. Ng4 Kc5 64. Nh2 Bf6 65. Ng4 Bd8 66. Nh2 Kd4 67. Ng4 Kd3 68. Nh6 Kd2 69. Ng4 Ke1 70. Nh6 Kf1 71. e5 Kg1 72. e6 Kh2 73. Nf7 Be7 74. Kg4 Kg2 75. Ne5 Bd8 76. Nf3 Be7 77. Nd4 Kf2 78. Nc6 Bf6 79. Kf5 f3 80. Kxf6 Kg2 81. Ne5 f2 82. Ng4 f1=Q+ 83. Kg7 Qe2 84. Kf7 Qxg4 85. e7 Qf5+ 86. Kg8 Qe5 87. Kf7 Qxe7+ 88. Kg6 g4 89. Kh5 g3 90. Kg4 Kf2 0-1


[Site "https://www.chess.com"]

[Event "Titled Tuesday Blitz February 07 Early 2023"]
[White "Skliarov, Viktor"]
[Black "Fernandez, Michael"]
[WhiteFideId "14106736"]
[BlackFideId "5803560"]
[WhiteElo "2383"]
[BlackElo "2181"]
[Result "1-0"]
[Round "05"]
[TimeControl "180+2"]
[Date "2023.02.07"]
[WhiteClock "0:00:13"]
[BlackClock "0:00:02"]

1. e4 e6 2. d4 d5 3. e5 c5 4. c3 Nc6 5. Nf3 Qb6 6. a3 c4 7. Nbd2 Na5 8. g3 h5 9. h4 Nh6 10. Bh3 Bd7 11. O-O Be7 12. Re1 O-O-O 13. Rb1 Nb3 14. Nxb3 Ba4 15. Nfd2 cxb3 16. Qf3 g5 17. hxg5 Bxg5 18. Nxb3 Bxc1 19. Nxc1 Bc2 20. Ra1 Qxb2 21. Ra2 Qb1 22. Qe2 Bf5 23. Rb2 Qe4 24. Qd1 Bg4 25. Rxe4 Bxd1 26. Re1 Bg4 27. Bg2 h4 28. f3 Bf5 29. g4 Bg6 30. Ne2 Ng8 31. Nf4 Ne7 32. Kh2 b6 33. Bf1 Kd7 34. Bb5+ Kc7 35. a4 Kb7 36. Kh3 Rc8 37. Re3 a6 38. Bf1 Rc6 39. Ng2 Rhc8 40. Rb3 Bc2 41. Ra3 Ng6 42. f4 Be4 43. Rxe4 dxe4 44. c4 Rxc4 45. Bxc4 Rxc4 46. f5 exf5 47. gxf5 Ne7 48. Nxh4 Rxd4 49. e6 fxe6 50. f6 Nc6 51. f7 Rd8 52. Ng6 Rd3+ 53. Rxd3 exd3 54. f8=Q 1-0


[Site "https://www.chess.com"]

[Event "Titled Tuesday Blitz February 07 Early 2023"]
[White "Gatterer, Florian"]
[Black "Parkhov, Yair"]
[WhiteFideId "811688"]
[BlackFideId "2813408"]
[WhiteElo "2170"]
[BlackElo "2505"]
[Result "0-1"]
[Round "05"]
[TimeControl "180+2"]
[Date "2023.02.07"]
[WhiteClock "0:00:03"]
[BlackClock "0:00:13"]

1. b3 d5 2. Bb2 Bf5 3. g3 e6 4. Bg2 h5 5. h4 c5 6. d3 Nc6 7. Nd2 d4 8. e4 Bg6 9. a3 e5 10. Qe2 f6 11. Nh3 Bd6 12. O-O Nh6 13. Kh1 b5 14. a4 a6 15. f4 Ng4 16. fxe5 Ncxe5 17. Nf4 Bf7 18. Nf3 Ne3 19. Rg1 g5 20. Nxe5 Bxe5 21. Nd5 Bxd5 22. exd5 gxh4 23. gxh4 f5 24. Qf2 Rg8 25. Bf3 Rg4 26. Bxg4 hxg4 27. Bc1 Qxd5+ 28. Rg2 O-O-O 29. axb5 axb5 30. Bxe3 dxe3 31. Qxf5+ Kb7 32. Rf1 Rh8 33. h5 e2 34. Re1 Qf3 35. Rxe2 Qxf5 36. Ref2 Rxh5+ 37. Kg1 Bd4 38. Kf1 Rh1+ 39. Ke2 Qe5+ 0-1


[Site "https://www.chess.com"]

[Event "Titled Tuesday Blitz February 07 Early 2023"]
[White "Bulmaga, Irina"]
[Black "Mazurkiewicz, Michal"]
[WhiteFideId "13903063"]
[BlackFideId "1124943"]
[WhiteElo "2422"]
[BlackElo "2145"]
[Result "1-0"]
[Round "05"]
[TimeControl "180+2"]
[Date "2023.02.07"]
[WhiteClock "0:00:05"]
[BlackClock "0:00:09"]

1. Nf3 Nf6 2. c4 g6 3. g3 Bg7 4. Bg2 O-O 5. O-O d6 6. d3 c5 7. e4 Nc6 8. Nc3 Rb8 9. h3 a6 10. a4 Nd7 11. Be3 Qa5 12. d4 Nb6 13. d5 Ne5 14. Nxe5 Bxe5 15. Qd3 Qb4 16. f4 Bg7 17. a5 Nxc4 18. Bc1 Nxb2 19. Bxb2 Qxb2 20. Ne2 Qxa1 21. Rxa1 Bxa1 22. h4 Bg4 23. Bf3 c4 24. Qa3 Bxf3 25. Qxf3 Rfc8 26. Nc3 Bxc3 27. Qxc3 Rc5 28. h5 gxh5 29. Kg2 Rbc8 30. Kh3 Rb5 31. Kh4 Rb3 32. Qc2 Re3 33. Kxh5 Rxg3 34. Kh4 Rg7 35. Qc3 Rg2 36. Kh3 Rg6 37. Kh4 f6 38. f5 Rg5 39. Qb4 Kf7 40. Qxb7 Rcg8 41. Qd7 Rg4+ 42. Kh3 Rg3+ 43. Kh4 R3g4+ 44. Kh3 Rxe4 45. Qc7 Re3+ 46. Kh4 c3 47. Qc4 Re2 48. Qxe2 Rc8 49. Qe6+ Kf8 50. Qxc8+ Kg7 51. Qxc3 Kh6 52. Qf3 e5 53. fxe6 f5 54. e7 f4 55. Qxf4+ Kg6 56. Qe4+ Kf6 57. e8=Q Kg7 58. Q4e7+ Kh6 59. Qf6# 1-0


[Site "https://www.chess.com"]

[Event "Titled Tuesday Blitz February 07 Early 2023"]
[White "Sekar, B"]
[Black "Melaugh, Shane"]
[WhiteFideId "5043743"]
[BlackFideId "2509580"]
[WhiteElo "2333"]
[BlackElo "2115"]
[Result "1-0"]
[Round "05"]
[TimeControl "180+2"]
[Date "2023.02.07"]
[WhiteClock "0:00:28"]
[BlackClock "0:00:05"]

1. Nf3 f5 2. d4 e6 3. g3 b6 4. Bg2 Bb7 5. O-O Nf6 6. c4 Be7 7. Nc3 O-O 8. d5 Bb4 9. Nd4 Bxc3 10. bxc3 Qc8 11. Bf4 Na6 12. dxe6 Bxg2 13. Kxg2 dxe6 14. Qa4 Nc5 15. Qc6 Rf7 16. Rad1 Nfe4 17. Nb5 a6 18. Nxc7 Ra7 19. Qe8+ Qxe8 20. Nxe8 Rf8 21. Nd6 Nxc3 22. Rd2 N5e4 23. Nxe4 Nxe4 24. Rb2 Rb7 25. Rfb1 b5 26. cxb5 axb5 27. Rxb5 Rxb5 28. Rxb5 Ra8 29. Rb2 Nc3 30. Be5 Nd5 31. e3 Ra7 32. Bd4 Rc7 33. a4 Rc6 34. a5 Ra6 35. Rb5 Nf6 36. Bxf6 gxf6 37. Kf3 Kg7 38. Ke2 Kg6 39. Kd3 h5 40. h4 e5 41. Kc4 Rd6 42. Rb2 Rd1 43. Ra2 Rc1+ 44. Kb5 Rb1+ 45. Kc6 Rc1+ 46. Kd7 Rd1+ 47. Ke6 Rd8 48. a6 Ra8 49. a7 f4 50. exf4 exf4 51. gxf4 Re8+ 52. Kd7 Ra8 53. Ra5 f5 54. Ke7 Kg7 55. Ke6 Kg6 1-0


[Site "https://www.chess.com"]